 Dungeon Crawl Stone Soup version 0.28-a0-474-g535839065c (webtiles) character file.

Game seed: 7876195851448988894

371 Spaninq the Chopper (level 6, 0/53 HPs)
             Began as a Hill Orc Warper on Sept 15, 2021.
             Was an Initiate of Yredelemnul.
             Slain by Menkaure (12 damage)
             ... on level 4 of the Dungeon.
             The game lasted 00:10:47 (7480 turns).

Spaninq the Chopper (Hill Orc Warper)               Turns: 7480, Time: 00:10:48

Health: 0/53       AC:  7    Str: 15 (16) XL:     6   Next: 71%
Magic:  8/8        EV: 10    Int: 12 (13) God:    Yredelemnul [......]
Gold:   118        SH:  0    Dex:  9 (10) Spells: 6/8 levels left

rFire   + . .      SeeInvis .   a - +0 hand axe
rCold   . . .      Faith    .   (no shield)
rNeg    . . .      Spirit   .   h - +1 ring mail {rF+}
rPois   .          Reflect  .   (no helmet)
rElec   .          Harm     .   (no cloak)
rCorr   +          Rampage  .   j - +0 pair of gloves
Will    .....                   (no boots)
Stlth   ..........              (no amulet)
HPRegen 0.17/turn               f - ring of resist corrosion
MPRegen 0.11/turn               (no ring)

@: no status effects
A: no striking features
a: Renounce Religion


You were on level 4 of the Dungeon.
You worshipped Yredelemnul.
Yredelemnul was noncommittal.
You visited 2 branches of the dungeon, and saw 5 of its levels.

You collected 118 gold pieces.

Inventory:

Hand Weapons
 a - a +0 hand axe (weapon)
Missiles
 b - 10 poisoned darts
 d - 5 boomerangs of dispersal (quivered)
Armour
 h - a +1 ring mail of fire resistance (worn)
 j - a +0 pair of gloves (worn)
 n - a +0 kite shield
Jewellery
 f - a ring of resist corrosion (left hand)
Scrolls
 c - a scroll of blinking
 e - 3 scrolls of identify {unknown}
 g - 2 scrolls of teleportation {unknown}
 i - a scroll of noise {unknown}
 m - a scroll of enchant armour {unknown}
Potions
 k - a potion of ambrosia


   Skills:
 + Level 4.5 Fighting
 * Level 6.6 Axes
 - Level 0.8 Throwing
 + Level 3.6 Armour
 - Level 1.5 Dodging
 - Level 1.5 Spellcasting
 - Level 2.4 Translocations
 + Level 1.0 Invocations


You had 6 spell levels left.
You knew the following spells:

 Your Spells              Type           Power      Damage    Failure   Level
a - Blink                 Tloc           N/A        N/A       30%         2

Your spell library contained the following spells:

 Spells                   Type           Power      Damage    Failure   Level
 Gell's Gravitas          Tloc           3%         N/A       52%         3
 Lesser Beckoning         Tloc           6%         N/A       52%         3
 Teleport Other           Tloc           6%         N/A       52%         3
 Manifold Assault         Tloc           6%         N/A       99%         5


Dungeon Overview and Level Annotations

Branches:
Dungeon (4/15)             Temple (1/1) D:4

Altars:
Ashenzari
Dithmenos
Elyvilon
Fedhas
Hepliaklqana
Nemelex Xobeh
Okawaru
Qazlal
Trog
Xom
Yredelemnul
Zin

Shops:
D:2 *   D:4 :

Annotations:
D:4 3 runed translucent doors, Menkaure; RandomusNamus's ghost, amateur MiHu


Message History

You see here a +0 short sword.
Search for what [Enter for "altar", or ? for help]? armor You see here a ball python skeleton.
Found a stone staircase leading down.
Found a stone staircase leading down.
Found a stone staircase leading down.
There is a stone staircase leading down here.
Menkaure shouts!
You aren't carrying any items that you can evoke.
It was a potion of ambrosia.
You are confused.
You feel invigorated.
It was a potion of degeneration.
There was something very wrong with that liquid.
You feel weakened.
You feel dopey.
You feel clumsy.
You closely miss Menkaure. You hit Menkaure but do no damage.
Menkaure barely misses you.
You barely miss Menkaure. Menkaure hits you.
You barely miss Menkaure. You closely miss Menkaure. Menkaure hits you!
You hit Menkaure but do no damage.
You feel less invigorated.
You feel less confused.
Menkaure gestures wildly while chanting.
Menkaure seems to speed up.
You closely miss Menkaure. Menkaure casts a spell at you.
You barely resist. You hit Menkaure but do no damage.
Menkaure calls on the powers of darkness!
Your body is wracked with pain!
You barely miss Menkaure. Menkaure hits you!
* * * LOW HITPOINT WARNING * * *
You hit Menkaure but do no damage. Menkaure misses you. Menkaure hits you.
* * * LOW HITPOINT WARNING * * *
You hit Menkaure.
Menkaure is lightly damaged.
Menkaure giggles, "These cerements are ticklish..."
Menkaure hits you!
You die...
Your body rises from the dead as a mindless zombie.

######## ### ####......#
## .... #.......#.# #.
#.... #..#.#.@#.###.####
..≈≈≈
#..#...M#........##..≈..
#>.........M.....#.#.§.≈
#.................##.≈.≈
#................#.#§≈.≈
###>...#.#.......##..≈.≈
##.##.#.#........##.≈§≈
#......>#........##.≈..
#.###.####.......##.§§≈


You could see Menkaure (fast).

Vanquished Creatures
  A phantom (D:4)
  A scorpion (D:4)
  2 hounds
  4 adders
  5 gnolls
  A worm (D:3)
  A dart slug (D:3)
  10 orcs
  6 bats
  7 endoplasms
  4 giant cockroaches
  6 goblins
  2 hobgoblins
  7 jackals (D:1)
  2 quokkas
  9 ball pythons
  A frilled lizard (D:1)
  10 kobolds
  3 rats
82 creatures vanquished.

Notes
Turn   | Place    | Note
-------+----------+-------------------------------------------
     0 | D:1      | Spaninq the Hill Orc Warper began the quest for the Orb.
     0 | D:1      | Reached XP level 1. HP: 18/18 MP: 3/3
   362 | D:1      | Reached skill level 3 in Axes
   478 | D:1      | Reached XP level 2. HP: 24/25 MP: 4/4
   559 | D:1      | Learned a level 2 spell: Blink
  1125 | D:1      | Reached XP level 3. HP: 19/31 MP: 5/5
  1328 | D:1      | Reached skill level 4 in Axes
  2583 | D:2      | Reached XP level 4. HP: 5/38 MP: 6/6
  2944 | D:2      | Noticed an ogre
  3577 | D:2      | Found Xaim's Assorted Antiques.
  4549 | D:3      | Reached skill level 5 in Axes
  4549 | D:3      | Reached XP level 5. HP: 45/45 MP: 7/7
  4702 | D:3      | Found a white marble altar of Elyvilon.
  4750 | D:3      | Found a faded altar of an unknown god.
  4750 | D:3      | Noticed a red devil
  5153 | D:4      | Noticed RandomusNamus's ghost (amateur MiHu)
  5153 | D:4      | Found a runed translucent gate.
  5153 | D:4      | Found a runed translucent gate.
  5153 | D:4      | Found a runed translucent gate.
  5155 | D:4      | Noticed a kobold brigand
  5300 | D:4      | Noticed an ogre
  5424 | D:4      | Noticed Menkaure
  5579 | D:4      | Found a stormy altar of Qazlal.
  5612 | D:4      | Found Ydycroh's Book Emporium.
  6242 | D:4      | Reached skill level 6 in Axes
  6242 | D:4      | Reached XP level 6. HP: 46/52 MP: 8/8
  6336 | D:4      | Found a staircase to the Ecumenical Temple.
  6354 | Temple   | Entered the Ecumenical Temple
  6520 | Temple   | Became a worshipper of Yredelemnul the Dark
  7040 | D:4      | Reached skill level 1 in Invocations
  7480 | D:4      | Slain by Menkaure

Illustrated notes

Levels and vault maps discovered:
D:1:      ncdulo_wetmaze, layout_loops_ring, st_stairs_13
D:2:      layout_basic, serial_shops, shop, serial_corexii_hall,
          chequers_hall_statues_y, chequers_hall_statues_wall_a
D:3:      layout_basic, nicolae_elyvilon_temple_path,
          dreamdust_ecumenical_altar_sealed_demon
D:4:      layout_loops_cross, mainiacjoe_overflow_concentric_impassable,
          minmay_temple_entry_hall, serial_shops, shop,
          gammafunk_ghost_nasty_kobolds, uniq_menkaure
Temple:   jpeg_temple_alley_garden

Skill      XL: |  1  2  3  4  5  6 |
---------------+-------------------+-----
Axes           | 3 4 5 6 |  6.6
Fighting       | 3 4 |  4.5
Armour         | 2 3 |  3.6
Invocations    | 1 |  1.0
Throwing       | |  0.8
Dodging        | |  1.5
Spellcasting   | |  1.5
Translocations | |  2.4

Action                   |  1- 3 |  4- 6 || total
-------------------------+-------+-------++-------
Melee: Hand axe          |   170 |   288 ||   458
 Cast: Blink             |       |     2 ||     2
  Use: Potion            |     1 |     2 ||     3
Armor: Leather armour    |    52 |       ||    52
       Ring mail         |    11 |    89 ||   100
Dodge: Dodged            |   105 |   154 ||   259

Table legend: (Time is in decaauts)
 A = Elapsed time spent in this place.
 B = Non-inter-level travel time spent in this place.
 C = Inter-level travel time spent in this place.
 D = Time resting spent in this place.
 E = Time spent auto-exploring this place.
 F = Levels seen in this place.
 G = Mean time per level.
                   A        B        C        D        E       F      G
               +--------+--------+--------+--------+--------+-----+--------+
         Total |   7525 |   7094 |    431 |   2279 |   3453 |   5 | 1505.0 |
       Dungeon |   7325 |   6926 |    399 |   2279 |   3315 |   4 | 1831.2 |
        Temple |    199 |    167 |     32 |      0 |    138 |   1 |  199.0 |
               +--------+--------+--------+--------+--------+-----+--------+

Top non-repeatable levels by time:
     D:1: 2274 daAuts
     D:3: 2138 daAuts
     D:2: 2000 daAuts
     D:4: 912 daAuts
  Temple: 199 daAuts
